 Dungeon Crawl Stone Soup version 0.29-a0-330-g52719c12eb (webtiles) character file.

Game seed: 17892807540480583434

809 Basado the Magician (level 8, -2/50 HPs)
             Began as a Djinni Earth Elementalist on May 8, 2022.
             Slain by a kobold
             ... wielding a +0 whip
              (5 damage)
             ... on level 6 of the Dungeon.
             The game lasted 00:07:47 (5000 turns).

Basado the Magician (Djinni Earth Elementalist)     Turns: 5000, Time: 00:07:48

Health: -2/50      AC:  2    Str:  7    XL:     8   Next: 15%
Gold:   250        EV: 12    Int: 20    God:
                   SH:  0    Dex: 13

rFire   + + .      SeeInvis .   k - +2 short sword (venom)
rCold   x . .      Faith    .   (no shield)
rNeg    . . .      Spirit   .   b - +0 robe
rPois   ∞          Reflect  .   (no helmet)
rElec   .          Harm     .   (no cloak)
rCorr   .          Rampage  .   (no gloves)
Will    .....                   (boots unavailable)
Stlth   ++........              (no amulet)
HPRegen 0.16/turn               (no ring)
MPRegen 0.00/turn               (no ring)

@: flying, very slightly contaminated
A: sickness immunity, fire resistance 2, cold vulnerability 1, float, innate
caster, HP casting, extra vitality 1
a: no special abilities


You were on level 6 of the Dungeon.
You visited 1 branch of the dungeon, and saw 5 of its levels.

You collected 250 gold pieces.

Inventory:

Hand Weapons
 j - a +0 dagger
 k - a +2 short sword of venom (weapon)
Missiles
 a - 67 stones
 v - 2 throwing nets
Armour
 b - a +0 robe (worn)
Jewellery
 m - a ring of protection from cold
 t - a +6 ring of strength
Scrolls
 c - 2 scrolls of identify {unknown}
 d - 2 scrolls of vulnerability {unknown}
 f - a scroll of blinking {unknown}
 g - a scroll of fog {unknown}
 i - a scroll of teleportation {unknown}
 o - 4 scrolls of enchant weapon {unknown}
 p - 4 scrolls of magic mapping {unknown}
 r - a scroll of holy word {unknown}
 s - a scroll of fear {unknown}
 u - 2 scrolls of summoning {unknown}
Potions
 e - 3 potions of attraction {unknown}
 h - a potion of cancellation {unknown}
 l - 2 potions of degeneration {unknown}
 n - 2 potions of curing {unknown}
 q - 2 potions of haste {unknown}


   Skills:
 - Level 2.1 Dodging
 - Level 1.5 Stealth
 + Level 7.0 Spellcasting


You had 6 spell levels left.
You knew the following spells:

 Your Spells              Type           Power      Damage    Failure   Level
a - Sandblast             Erth           70%        2d15      1%          1
b - Passwall              Tmut/Erth      29%        N/A       1%          2
c - Stone Arrow           Conj/Erth      70%        3d11      1%          3
d - Petrify               Tmut/Erth      35%        N/A       4%          4
e - Magic Dart            Conj           100%       1d8       1%          1
f - Searing Ray           Conj           70%        2d7       1%          2
g - Static Discharge      Conj/Air       35%        N/A       1%          2
Your spell library was empty.

Dungeon Overview and Level Annotations

Branches:
Dungeon (6/15)
 Temple: D:4-7

Altars:
Ashenzari
Sif Muna
Vehumet
Wu Jian
Yredelemnul

Shops:
D:1 :

Annotations:
D:3 2 transporters, exclusion: statue


Innate Abilities, Weirdness & Mutations

You are immune to sickness and miasma.
You are immune to poison.
Your flesh is very heat resistant. (rF++)
You are vulnerable to cold. (rC-)
You float through the air rather than walking.
You learn spells naturally, not from books.
Your magical power is your life essence.
You have superior vitality. (+4 MHP)


Message History

The kobold brigand shouts!
The kobold shouts! x2; You hear a shout!
A kobold comes into view. It is wielding a +0 whip. x2
The stone arrow hits the kobold!
You kill the kobold!
An ogre comes into view. It is wielding a +0 giant club.
A kobold comes into view. It is wielding a +0 short sword.
The stone arrow hits the kobold!
You kill the kobold!
The kobold shouts!
The ogre shouts!
You miscast Stone Arrow.
You are very lightly contaminated with residual magic.
Nothing appears to happen.
The stone arrow hits the kobold brigand!
The kobold brigand is heavily wounded.
The kobold brigand closely misses you.
You hit the kobold brigand.
The kobold brigand is poisoned.
The kobold brigand is severely wounded.
The kobold brigand hits you with a +0 club.
The stone arrow misses the kobold brigand.
The stone arrow hits the ogre!!
The ogre is severely wounded.
The kobold brigand hits you with a +0 club.
The stone arrow hits the kobold brigand!!
You kill the kobold brigand!
The ogre hits you with a +0 giant club!!
* * * LOW HITPOINT WARNING * * *
The kobold hits you with a +0 whip.
* * * LOW HITPOINT WARNING * * *
Your Spellcasting skill increases to level 7!
Casting: Stone Arrow (safe; 1% risk of failure)
Confirm with . or Enter, or press ? or * to list all spells.
Aiming: Sandblast (safe; 1% risk of failure)
Press: ? - help, Shift-Dir - straight line, f - ogre
Aim: an ogre, wielding a +0 giant club (severely wounded, 91% to hit)
The blast of sand hits the ogre!
You kill the ogre!
a - 67 stones
* * * LOW HITPOINT WARNING * * *
The kobold hits you with a +0 whip.
You die...

# ### #. #..
...##.## .
.....# # ..
#..##.#####
#.###..<.).....
#...)K..#######
...#)K@..#
.....)K...#
#...#<....# #..
#....$# .<
..##### .#.
.##. #. #.


You could see 3 kobolds.

Vanquished Creatures
  3 ogres
  A centaur (D:5)
  2 kobold brigands
  A scorpion (D:5)
  A hound (D:5)
  2 centaur zombies (D:5)
  A bullfrog zombie (D:5)
  2 iguanas (D:5)
  A killer bee zombie (D:5)
  A howler monkey zombie (D:5)
  5 gnolls
  2 adders
  A white imp (D:5)
  4 dart slugs
  4 orcs
  6 ball pythons
  6 endoplasms
  3 giant cockroaches (D:1)
  7 goblins
  3 hobgoblins (D:1)
  4 jackals (D:1)
  4 quokkas
  7 bats
  5 frilled lizards
  10 kobolds
  8 rats
94 creatures vanquished.

Vanquished Creatures (others)
  7 plants (D:5)
7 creatures vanquished.

Grand Total: 101 creatures vanquished

Notes
Turn   | Place    | Note
-------+----------+-------------------------------------------
     0 | D:1      | Basado the Djinni Earth Elementalist began the quest for
                  | the Orb.
     0 | D:1      | Reached XP level 1. HP: 15/15 MP: 0/0
    52 | D:1      | Reached XP level 2. HP: 13/21 MP: 0/0
   297 | D:1      | Reached skill level 3 in Spellcasting
   503 | D:1      | Reached XP level 3. HP: 25/25 MP: 0/0
   503 | D:1      | Learned a level 1 spell: Magic Dart
   932 | D:1      | Found Wailoale's Book Emporium.
  1190 | D:1      | Reached XP level 4. HP: 30/31 MP: 0/0
  2502 | D:3      | Reached skill level 4 in Spellcasting
  2606 | D:3      | Noticed a frost-covered statue
  2676 | D:3      | Found a transporter.
  2702 | D:3      | Found a transporter.
  2765 | D:3      | Found a faded altar of an unknown god.
  2976 | D:3      | You are sucked into a shaft and drop 2 floors!
  2976 | D:5      | Entered Level 5 of the Dungeon
  2994 | D:5      | Reached XP level 5. HP: 34/35 MP: 0/0
  2994 | D:5      | Learned a level 2 spell: Searing Ray
  3323 | D:5      | Noticed a kobold brigand
  3335 | D:5      | Killed a kobold brigand
  3566 | D:5      | Reached skill level 5 in Spellcasting
  3566 | D:5      | Reached XP level 6. HP: 38/40 MP: 0/0
  3596 | D:5      | Noticed an ogre
  3600 | D:5      | Killed an ogre
  3871 | D:5      | Noticed an ogre
  3875 | D:5      | Killed an ogre
  3876 | D:5      | Reached XP level 7. HP: 35/45 MP: 0/0
  3876 | D:5      | Learned a level 2 spell: Static Discharge
  3992 | D:5      | Found a broken altar of Ashenzari.
  4021 | D:5      | Reached skill level 6 in Spellcasting
  4111 | D:5      | Found a basalt altar of Yredelemnul.
  4650 | D:5      | Reached XP level 8. HP: 38/50 MP: 0/0
  4751 | D:5      | Found an ornate altar of the Wu Jian Council.
  5000 | D:6      | Reached skill level 7 in Spellcasting
  5000 | D:6      | Slain by a kobold

Illustrated notes

Levels and vault maps discovered:
D:1:      roderic_chinese_lattice_arrival, layout_basic, serial_shops, shop
D:2:      layout_loops_corners, minmay_circle_x
D:3:      gammafunk_steamed_eel, layout_basic, vehumet_statue,
          mainiacjoe_overflow_24_doors, hellmonk_ecumenical_altar_arch_garden,
          minmay_pentomino_pile
D:5:      layout_basic, lemuel_coloured_pillars_altar,
          nicolae_yredelemnul_corpse_copse, evilmike_ruin_ashenzari,
          minmay_misc_feat_rugged, hangedman_decor_diamond_cutter,
          lexackson_kobold_supper
D:6:      layout_loops_ring, tso_metal_star, minmay_temple_entry_arrows

Skill      XL: |  1  2  3  4  5  6  7  8 |
---------------+-------------------------+-----
Spellcasting   | 3 4 5 6 7 |  7.0
Dodging        | |  2.1
Stealth        | |  1.5

Action                   |  1- 3 |  4- 6 |  7- 9 || total
-------------------------+-------+-------+-------++-------
Melee: Unarmed           |     4 |     1 |       ||     5
       Short sword       |       |    28 |     2 ||    30
 Cast: Sandblast         |    49 |    44 |     1 ||    94
       Stone Arrow       |       |     9 |    26 ||    35
 Stab: Sleeping          |       |     3 |       ||     3
Armor: Robe              |    10 |    13 |     1 ||    24
Dodge: Dodged            |    17 |    35 |     9 ||    61

Table legend: (Time is in decaauts)
 A = Elapsed time spent in this place.
 B = Non-inter-level travel time spent in this place.
 C = Inter-level travel time spent in this place.
 D = Time resting spent in this place.
 E = Time spent auto-exploring this place.
 F = Levels seen in this place.
 G = Mean time per level.
                   A        B        C        D        E       F      G
               +--------+--------+--------+--------+--------+-----+--------+
         Total |   5001 |   4871 |    130 |      0 |   4392 |   5 | 1000.2 |
       Dungeon |   5001 |   4871 |    130 |      0 |   4392 |   5 | 1000.2 |
               +--------+--------+--------+--------+--------+-----+--------+

Top non-repeatable levels by time:
     D:5: 2014 daAuts
     D:1: 1422 daAuts
     D:2: 1054 daAuts
     D:3: 501 daAuts
     D:6: 9 daAuts
